AoeStats
← TearsOfDisdain8

Arena

510975335Analyzed
4v4 RM · 11h ago on Oct 3, 2026· 16m 9s· 8 players
Game mode
Random Map
Map size
Large (8 player)
Population
200
Speed
Normal
Resources
Standard
Victory
Conquest
Starting age
Dark Age
Ending age
Imperial Age
RankedLock teamsTeams togetherTeam positionsShared explorationLock speedFull tech treeHidden civsTurbo modeCheats
Victory
Defeat
🇹🇼 Poles · Taiwan
1317
+14
🇹🇼 Mongols · Taiwan
1292
+15
🇹🇼 Tupi · Taiwan
1278
+15
🇹🇼 Danes · Taiwan
1272
+15
🇨🇳 Berbers · China
1413
-20
🇭🇰 Portuguese · Hong Kong SAR China
1311
-17
🇮🇳 Byzantines · India
1252
-14
🇨🇳 Varangians · China
1075
-8
小公子
9:51 Feudal Age
13:41 Castle Age
12:17 Double-Bit Axe
12:43 Horse Collar
15:01 Bow Saw
llsama
11:22 Feudal Age
12:10 Double-Bit Axe
15:07 Castle Age
13:14 Horse Collar
TearsOfDisdain8
9:43 Feudal Age
13:47 Castle Age
12:15 Double-Bit Axe
12:40 Horse Collar
12:50 Loom
14:47 Bow Saw
00000
11:01 Feudal Age
14:52 Castle Age
13:15 Horse Collar
14:12 Loom
16:19 Heavy Plow
那你就祈禱吧
2:36 Loom
10:20 Feudal Age
12:20 Loom
12:36 Double-Bit Axe
15:03 Castle Age
13:02 Horse Collar
Maybel
11:13 Feudal Age
12:29 Loom
15:16 Castle Age
13:58 Double-Bit Axe
14:59 Horse Collar
花落丶尽执何手
9:59 Feudal Age
13:41 Castle Age
11:57 Double-Bit Axe
12:30 Horse Collar
14:44 Wheelbarrow
MaybeI
11:03 Feudal Age
14:54 Castle Age
13:23 Double-Bit Axe
14:10 Horse Collar
Connection lost

Rejoining the realm…

Still unreachable

The connection could not be restored.

Session expired

The server has moved on; the page needs a fresh start.